 Dungeon Crawl Stone Soup version 0.20.0-7-g3b7b877 (webtiles) character file.

102 Hasart the Caller (level 4, -2/30 HPs)
             Began as a Mummy Summoner on May 29, 2017.
             Slain by an adder (3 damage)
             ... on level 2 of the Dungeon.
             The game lasted 00:10:55 (3339 turns).

Hasart the Caller (Mummy Summoner)                  Turns: 3339, Time: 00:10:55

Health: -2/30      AC:  2    Str: 11    XL:     4   Next: 50%
Magic:  0/9        EV: 12    Int: 15    God:
Gold:   75         SH:  0    Dex: 12    Spells: 7/10 levels left

rFire    x . .     SeeInvis .   l - +1 dagger (venom)
rCold    + . .     Gourm    .   (no shield)
rNeg     + + +     Faith    .   a - +0 robe
rPois    ∞         Spirit   .   (no helmet)
rElec    .         Reflect  .   (no cloak)
rCorr    .         Harm     .   (no gloves)
MR       +....                  (no boots)
Stlth    ++........             (no amulet)
Regen    0.1/turn               c - ring of protection from magic
MPRegen  0.2/turn               (no ring)

@: no status effects
A: no food or potions, fire vulnerability, cold resistance 1, negative energy
resistance 3, torment resistance, unbreathing
a: no special abilities


You were on level 2 of the Dungeon.
You were not hungry.

You visited 1 branch of the dungeon, and saw 3 of its levels.

You collected 75 gold pieces.

Inventory:

Hand Weapons
 l - a +1 dagger of venom (weapon)
Armour
 a - a +0 robe (worn)
 d - a +0 buckler
Jewellery
 c - a ring of protection from magic (left hand)
Scrolls
 e - 2 scrolls of blinking {unknown}
 f - a scroll of enchant weapon {unknown}
 g - a scroll of random uselessness {unknown}
 h - a scroll of immolation {unknown}
 i - a scroll of amnesia {unknown}
 j - 2 scrolls of identify {unknown}
Books
 b - a book of Callings

   Spells                             Type                      Level
   a - Summon Small Mammal            Summoning                    1
   b - Call Imp                       Summoning                    2
   c - Call Canine Familiar           Summoning                    3
   d - Summon Guardian Golem          Hexes/Summoning              3
   e - Summon Lightning Spire         Summoning/Air                4
   f - Summon Ice Beast               Ice/Summoning                4


   Skills:
 - Level 1.5 Dodging
 - Level 1.5 Stealth
 + Level 1.4 Shields
 + Level 3.5 Spellcasting
 * Level 4.3 Summonings


You had 7 spell levels left.
You knew the following spells:

 Your Spells              Type           Power        Failure   Level  Hunger
a - Call Imp              Summ           ###.....     4%          2    N/A
b - Summon Small Mammal   Summ           ###.         3%          1    N/A

Dungeon Overview and Level Annotations

Branches:
Dungeon (3/15)

Altars:


Innate Abilities, Weirdness & Mutations

You do not eat or drink.
Your flesh is vulnerable to fire.
You are immune to poison.
Your flesh is cold resistant. (rC+)
You are immune to negative energy. (rN+++)
You are immune to unholy pain and torment.
You can survive without breathing.


Message History

The adder barely misses you.
There is a stone staircase leading up here.
You kill the orc!
The adder bites you.
* * * LOW HITPOINT WARNING * * *
You climb upwards.
Your summoned ally is left behind.
There is a stone staircase leading down here.
Unknown command.
Casting: Call Imp
Confirm with . or Enter, or press ? or * to list all spells.
A beastly little devil appears in a puff of flame.
The adder bites you.
* * * LOW HITPOINT WARNING * * *
The adder barely misses you. The adder closely misses you.
Casting: Call Imp
Confirm with . or Enter, or press ? or * to list all spells.
A beastly little devil appears in a puff of flame.
Your crimson imp says, "You called?"
The adder bites you.
You die...

........# #..##.# #.#
..#########..##.#####.#
..# #......##.#...#.# ..#
#.####).#.....#.##
..#####.# ##.#........#
..'...#.#####..........#
..###.#.[..###.........##
).#<#.####.###..........#
..#...####.....5@.......#
...............S#######.#
..########.....5# ####.#
÷.####.........## #....#
...............# #.####
...............#####.#
...............#.....#
...............#.#####
...........#####'########


You could see an adder and 2 friendly crimson imps.

Vanquished Creatures
  3 adders
  2 worms (D:2)
  An orc (D:3)
  A ball python (D:1)
  5 bats
  2 giant cockroaches
  5 goblins
  4 hobgoblins
  3 kobolds
  A quokka (D:2)
  A frilled lizard (D:1)
  4 rats (D:1)
32 creatures vanquished.

Vanquished Creatures (collateral kills)
  Jessica (D:2)
  An adder (D:2)
  An ooze (D:1)
  A dart slug (D:1)
  A leopard gecko (D:1)
  2 giant cockroaches (D:1)
  4 hobgoblins
  3 jackals (D:2)
  3 bats
  A frilled lizard (D:1)
  3 goblins (D:1)
  A rat (D:1)
22 creatures vanquished.

Grand Total: 54 creatures vanquished

Notes
Turn   | Place    | Note
-------+----------+-------------------------------------------
     0 | D:1      | Hasart the Mummy Summoner began the quest for the Orb.
     0 | D:1      | Reached XP level 1. HP: 13/13 MP: 4/4
   418 | D:1      | Reached XP level 2. HP: 9/19 MP: 3/5
   422 | D:1      | Learned a level 2 spell: Call Imp
  1593 | D:1      | Reached XP level 3. HP: 24/24 MP: 7/7
  2579 | D:2      | Noticed Jessica
  2583 | D:2      | Killed Jessica
  2583 | D:2      | Reached skill level 1 in Shields
  2583 | D:2      | Reached skill level 4 in Summonings
  2936 | D:2      | Reached XP level 4. HP: 24/30 MP: 6/9
  3336 | D:2      | HP: 1/30 [adder (2)]
  3339 | D:2      | Slain by an adder

Skill      XL: |  1  2  3 |
---------------+----------+-----
Spellcasting   | 3 |  3.5
Shields        | 1 |  1.4
Summonings     | 4 |  4.3
Dodging        | |  1.5
Stealth        | |  1.5

Action                   |  1- 3 |  4- 6 || total
-------------------------+-------+-------++-------
Melee: Unarmed           |    37 |       ||    37
       Club              |    31 |       ||    31
       Dagger            |   121 |    31 ||   152
 Cast: Summon Small Mamm |     8 |       ||     8
       Call Imp          |    22 |     6 ||    28
 Stab: Sleeping          |     5 |     2 ||     7
       Distracted        |       |     1 ||     1
Armor: Robe              |    61 |     4 ||    65
Dodge: Dodged            |   155 |    24 ||   179
